 Dungeon Crawl Stone Soup version 0.16-a0-670-g3b10be2 (webtiles) character file.

190 Grim the Insei (level 5, -11/41 HPs)
             Began as a Demonspawn Monk on Sept 19, 2014.
             Was a Follower of Okawaru.
             Mangled by an ogre
             ... wielding a +0 giant club
              (23 damage)
             ... on Level 4 of the Dungeon.
             The game lasted 00:19:37 (4538 turns).

Grim the Insei (Demonspawn Monk)                    Turns: 4538, Time: 00:19:37

HP -11/41        AC  4     Str 12      XL: 5   Next: 41%
MP   0/5         EV 17     Int 11      God: Okawaru [*.....]
Gold 227         SH  0     Dex 16      Spells:  0 memorised,  4 levels left

rFire  . . .     SeeInvis .       - Unarmed
rCold  . . .     Clarity  .     y - +0 robe
rNeg   . . .     rCorr    .     (no shield)
rPois  .         rRot     .     (helmet restricted)
rElec  .         Spirit   +     (no cloak)
SustAb .         Warding  .     t - +1 pair of gloves
rMut   .         Stasis   .     (no boots)
Gourm  .                        (no amulet)
MR     .....                    (no ring)
                                (no ring)

@: heroism, not resistant to hostile enchantments, fairly stealthy
A: horns 1, magic shield
a: Heroism, Renounce Religion


You were on level 4 of the Dungeon.
You worshipped Okawaru.
Okawaru was aware of your devotion.
You were not hungry.

You visited 2 branches of the dungeon, and saw 5 of its levels.

You collected 227 gold pieces.

Inventory:

Missiles
 p - 49 stones (quivered)
Armour
 a - a +0 robe
 k - a +0 pair of gloves
 t - a +1 pair of gloves (worn)
 y - a +0 robe (worn)
Comestibles
 b - 3 bread rations
 f - a meat ration
 j - 5 fruits
 z - a royal jelly
Scrolls
 d - a scroll of random uselessness {unknown}
 e - a scroll of noise {unknown}
 g - 2 scrolls of fear {unknown}
 h - a scroll of enchant weapon
 i - 2 scrolls of remove curse {unknown}
 l - 2 scrolls of teleportation {unknown}
 n - a scroll of amnesia {unknown}
 r - a scroll of blinking {unknown}
 u - a scroll of magic mapping {unknown}
 w - 2 scrolls of recharging {unknown}
Potions
 c - a potion of haste {unknown}
 m - 2 potions of mutation
 o - a potion of confusion {unknown}
 q - a potion of brilliance {unknown}
 s - a potion of restore abilities
 x - 2 potions of curing


   Skills:
 - Level 3.0(8.0) Fighting
 - Level 2.6(7.6) Dodging
 - Level 1.7(6.7) Stealth
 + Level 6.1(11.1) Unarmed Combat


You had 4 spell levels left.
You didn't know any spells.

Dungeon Overview and Level Annotations

Branches:
Dungeon (4/15)             Temple (1/1) D:4

Altars:
Cheibriados
Dithmenos
Elyvilon
Fedhas
Gozag
Kikubaaqudgha
Nemelex Xobeh
Okawaru
Ru
Sif Muna
Trog
Vehumet
Zin


Innate Abilities, Weirdness & Mutations

You have a pair of small horns on your head.
When hurt, damage is shared between your health and your magic reserves.


Message History

You climb upwards.
Welcome back to the Dungeon!
The ogre barely misses you.
There is a staircase to the Ecumenical Temple here.
Use which ability? (? or * to list)
You gain the combat prowess of a mighty hero.
You feel slightly more hungry. The ogre closely misses you.
You punch the ogre!
The ogre is moderately wounded.
The ogre misses you.
You hit the ogre.
The ogre is heavily wounded.
You punch the ogre!
The ogre is severely wounded.
The ogre hits you with a giant club!!
Ouch! That really hurt!
* * * LOW HITPOINT WARNING * * *
You hit the ogre but do no damage.
The ogre is severely wounded.
The ogre hits you with a giant club!!
Ouch! That really hurt!
You die...

... . ....#####.#
............#
.....#...#...##
...!.#.⌠.#.....#
...###...###....
#.$............
#..⌠.O@..⌠...... ..##
#...............
#...###.###...###....#
#..#....#.⌠.#......#
#.....#...#......
#.#..............
#.[####.......... #..#
#........# ##.#
#########


You could see an ogre.

Vanquished Creatures
  An orc wizard (D:3)
  3 adders
  4 gnolls (D:3)
  A worm (D:2)
  A giant gecko (D:1)
  12 orcs (D:3)
  6 bats
  12 hobgoblins
  7 kobolds
  3 quokkas
  2 ball pythons
  2 giant cockroaches
  4 giant newts
  11 goblins
  7 rats
76 creatures vanquished.

Notes
Turn   | Place    | Note
--------------------------------------------------------------
     0 | D:1      | Grim, the Demonspawn Monk, began the quest for the Orb.
     0 | D:1      | Reached XP level 1. HP: 18/18 MP: 1/1
   296 | D:1      | Reached skill level 4 in Unarmed Combat
   296 | D:1      | Gained mutation: You have a pair of small horns on your head. [demonic ancestry]
   296 | D:1      | Reached XP level 2. HP: 17/24 MP: 2/2
  1581 | D:2      | Reached XP level 3. HP: 29/29 MP: 3/3
  2195 | D:2      | Reached skill level 5 in Unarmed Combat
  2474 | D:2      | Found a blossoming altar of Fedhas.
  2594 | D:3      | Gained mutation: When hurt, damage is shared between your health and your magic reserves. [demonic ancestry]
  2594 | D:3      | Reached XP level 4. HP: 16/35 MP: 4/4
  3542 | D:3      | Reached XP level 5. HP: 9/41 MP: 2/5
  3856 | D:3      | Reached skill level 6 in Unarmed Combat
  4351 | D:4      | Noticed an ogre
  4377 | D:4      | Found a staircase to the Ecumenical Temple.
  4388 | Temple   | Entered the Ecumenical Temple
  4466 | Temple   | Became a worshipper of Warmaster Okawaru
  4466 | Temple   | Acquired Okawaru's first power
  4538 | D:4      | Mangled by an ogre

Action                   |  1- 3 |  4- 6 || total
-------------------------+-------+-------++-------
Melee: Unarmed           |   152 |    79 ||   231
Throw: Stone             |    24 |    38 ||    62
Invok: Heroism           |       |     1 ||     1
  Use: Scroll            |     3 |     2 ||     5
       Potion            |     1 |     1 ||     2
 Stab: Sleeping          |     1 |       ||     1
  Eat: Chunk             |     4 |     1 ||     5
       Meat ration       |     1 |     1 ||     2
